AoeStats
← MattAtArms

Arabia

503891743Analyzed
1v1 RM · 1mo ago on Sep 2, 2026· 40m 10s· 2 players
Game mode
Random Map
Map size
Tiny (2 player)
Population
200
Speed
Normal
Resources
Standard
Victory
Conquest
Starting age
Dark Age
Ending age
Imperial Age
RankedLock teamsTeams togetherTeam positionsShared explorationLock speedFull tech treeHidden civsTurbo modeCheats
Victory
Defeat
🇬🇧 Byzantines · United Kingdom
1903
+14
🇹🇷 Malians · Türkiye
1852
-14
YuYa_AoE
6:49 Loom
9:28 Feudal Age
9:45 Man-at-Arms
10:23 Double-Bit Axe
17:52 Fletching
18:35 Padded Archer Armor
23:31 Castle Age
23:28 Scale Barding Armor
23:05 Horse Collar
24:13 Bloodlines
24:42 Chain Barding Armor
25:12 Bow Saw
27:35 Town Watch
28:28 Forging
33:05 Husbandry
36:58 Iron Casting
MattAtArms
5:29 Loom
9:16 Feudal Age
9:47 Double-Bit Axe
9:36 Man-at-Arms
13:20 Fletching
20:43 Castle Age
18:50 Gold Mining
19:26 Padded Archer Armor
19:34 Horse Collar
20:50 Crossbowman
21:27 Bodkin Arrow
23:49 Bow Saw
24:01 Ballistics
25:03 Thumb Ring
25:18 Leather Archer Armor
29:10 Scale Barding Armor
29:57 Wheelbarrow
41:54 Imperial Age
39:41 Hand Cart
Connection lost

Rejoining the realm…

Still unreachable

The connection could not be restored.

Session expired

The server has moved on; the page needs a fresh start.